 Dungeon Crawl Stone Soup version 0.30-a0-870-gc5d4c5acee (webtiles) character file.

Game seed: 7042993559025077500

0 Esekla the Sneak (level 1, -2/16 HPs)
             Began as an Octopode Delver on Mar 12, 2023.
             Slain by a killer bee (9 damage)
             ... on level 5 of the Dungeon.
             The game lasted 00:00:42 (58 turns).

Esekla the Sneak (Octopode Delver)                    Turns: 58, Time: 00:00:43

Health: -2/16      AC:  1    Str: 11    XL:     1   Next: 0%
Magic:  1/1        EV: 13    Int: 12    God:
Gold:   3          SH:  0    Dex: 13    Spells: 0/0 levels left

rFire   . . .      SeeInvis .    a - +0 long sword
rCold   . . .      Faith    .    (no shield)
rNeg    . . .      Spirit   .    (helmet restricted)
rPois   .          Reflect  .    (no amulet)
rElec   .          Rampage  .    (no ring)
rCorr   .                        (no ring)
Will    .....                    (no ring)
Stlth   ++++                     (no ring)
HPRegen 0.22/turn                (no ring)
MPRegen 0.07/turn                (no ring)
                                 (no ring)
                                 (no ring)

@: no status effects
A: almost no armour, amphibious, 8 rings, camouflage 1, gelatinous body 1,
(nimble swimmer 1), tentacles
a: no special abilities


You were on level 5 of the Dungeon.
You visited 1 branch of the dungeon, and saw 1 of its levels.

You collected 3 gold pieces.

Inventory:

Hand Weapons
 a - a +0 long sword (weapon)
Wands
 f - a wand of digging (3)
Scrolls
 b - a scroll of fog
 g - a scroll of noise {unknown}
 h - a scroll of vulnerability {unknown}
Potions
 e - a potion of haste


   Skills:
 * Level 3.0 Fighting
 * Level 2.0 Long Blades
 * Level 2.0 Dodging
 + Level 6.6 Stealth


You couldn't memorise any spells.
You didn't know any spells.
Your spell library was empty.

Dungeon Overview and Level Annotations

Branches:
Dungeon (5/15)
 Temple: D:4-7

Altars:


Innate Abilities, Weirdness & Mutations

You cannot wear most types of armour.
You are amphibious.
You can wear up to eight rings at the same time.
Your skin changes colour to match your surroundings (Stealth+).
Your rubbery body absorbs attacks. (AC +1, EV +1)
((You are camouflaged when in or above water. (Stealth+)))
You have tentacles for arms and can constrict up to eight enemies at once.


Message History

Press ? for a list of commands and other information.
Found a scroll labelled QORAXAL ZAXEUR.
Found a stone staircase leading down.
Found a long sword.
Found a scroll labelled XUAHICV NIAKKE.
You are now empty-tentacled.
You drop a +0 falchion.
Found 3 gold pieces.
You see here a +0 long sword.
a - a +0 long sword (weapon)
Found a scroll labelled KAEDAN JEURGHE.
g - a scroll labelled XUAHICV NIAKKE You now have 3 gold pieces.
h - a scroll labelled KAEDAN JEURGHE
As you read the scroll of magic mapping, it crumbles to dust.
You feel aware of your surroundings.
You sensed 1 altar.
A killer bee comes into view.
A killer bee comes into view.
A killer bee comes into view.
The killer bee barely misses you.
You miss the killer bee. Your grab misses the killer bee.
The killer bee stings you!
Ouch! That really hurt!
A killer bee comes into view.
The killer bee closely misses you.
The killer bee moves out of view.
The killer bee buzzes angrily.
You slash the killer bee! Your grab misses the killer bee.
The killer bee is heavily wounded.
You hear an angry buzzing noise.
The killer bee stings you. The killer bee misses you.
The killer bee attacks as you move away!
The killer bee closely misses you. The killer bee barely misses you.
As you read the scroll of fear, it crumbles to dust.
You assume a fearsome visage.
The killer bee looks frightened! x3
Cornered, the killer bee turns to fight!
You miss the killer bee. Your grab misses the killer bee.
The killer bee is heavily wounded.
The killer bee misses you.
The killer bee attacks as you move away!
The killer bee stings you!
Ouch! That really hurt!
You die...

.,*,,**#######*##....#**,,,,,,* *
#.****##~~.~~###.....*#*,,,,,,* *
#..,,*#~~.~.P.##.......<,,,,,,* *
...#############..##...,,,,,,,***
......................,,,,,,,,**,
.###...##.#.#.....##,,,,,,,,,,,,,
**###...#.#.#....###,,,,,****,***
#.........#..#...#******,,,,,,,
#.#.....#.#..#@###### **,,,,,,,
#.#...#####..#y.y...# *,,,,,,**
#.#...##.##..######.# *,*,,,,*,
#.#...#.~~#..# #.#**,*,,***,
###.....##b##..# *#.#,,,,,,*,+,
........#####..# #....#,*,,,,*,
###......).....#####...##,*,,***,
**######.###.#.........#*,*,,,,+*
,,,*** #.# #...>....y.?#*,*,,,**,


You could see 2 killer bees.

Vanquished Creatures (others)
  5 fungi (D:5)
5 creatures vanquished.

Notes
Turn   | Place    | Note
-------+----------+-------------------------------------------
     0 | D:5      | Esekla the Octopode Delver began the quest for the Orb.
     0 | D:5      | Reached XP level 1. HP: 16/16 MP: 1/1
    44 | D:5      | Noticed a killer bee
    46 | D:5      | Noticed a killer bee
    47 | D:5      | Noticed a killer bee
    50 | D:5      | Noticed a killer bee
    58 | D:5      | Slain by a killer bee

Illustrated notes

Levels and vault maps discovered:
D:5:      layout_basic, mainiacjoe_overflow_24_doors, serial_aquarium,
          aquarium_bridge_square [aquarium_subvault_bridge,
          aquarium_subvault_window, aquarium_subvault_balcony,
          aquarium_subvault_wall], aquarium_window_corner, aquarium_window_2,
          aquarium_window_2, aquarium_window_2, aquarium_view_2d,
          aquarium_view_2c, aquarium_pool_1, uniq_grinder

Action                     || total
---------------------------++-------
  Melee: Long sword        ||     3
    Use: Scroll            ||     2
  Dodge: Dodged            ||     6

Table legend: (Time is in decaauts)
 A = Elapsed time spent in this place.
 B = Non-inter-level travel time spent in this place.
 C = Inter-level travel time spent in this place.
 D = Time resting spent in this place.
 E = Time spent auto-exploring this place.
 F = Levels seen in this place.
 G = Mean time per level.
                   A        B        C        D        E       F      G
               +--------+--------+--------+--------+--------+-----+--------+
         Total |     58 |     58 |      0 |      0 |      0 |   1 |   58.0 |
       Dungeon |     58 |     58 |      0 |      0 |      0 |   1 |   58.0 |
               +--------+--------+--------+--------+--------+-----+--------+

Top non-repeatable levels by time:
     D:5: 58 daAuts
